 Dungeon Crawl Stone Soup version 0.25-a0-942-g87a53962fc (webtiles) character file.

Game seed: 6001149786771448028, levelgen mode: deterministic

866 sanka the Frost Mage (level 8, -3/52 HPs)
             Began as a Barachi Ice Elementalist on May 7, 2020.
             Killed from afar by Maggie (22 damage)
             ... with a bolt of fire
             ... on level 6 of the Dungeon.
             The game lasted 00:09:50 (5474 turns).

sanka the Frost Mage (Barachi Ice Elementalist)     Turns: 5474, Time: 00:09:50

Health: -3/52      AC:  3    Str: 10    XL:     8   Next: 3%
Magic:  5/15       EV: 12    Int: 17    God:
Gold:   165        SH:  0    Dex: 13    Spells: 5/16 levels left

rFire    . . .     SeeInvis .   b - +2 dagger (venom)
rCold    . . .     Gourm    .   (no shield)
rNeg     . . .     Faith    .   e - +0 robe
rPois    .         Spirit   .   (no helmet)
rElec    .         Reflect  .   y - +0 cloak
rCorr    .         Harm     .   (no gloves)
MR       .....                  (no boots)
Stlth    ++........             (no amulet)
HPRegen  0.17/turn              (no ring)
MPRegen  0.14/turn              (no ring)

@: frozen ramparts, lightly drained, slow
A: +LOS, swims, slowness 1, strong legs 1
a: Hop


You were on level 6 of the Dungeon.
You were near starving.

You visited 1 branch of the dungeon, and saw 6 of its levels.

You collected 165 gold pieces.


Innate Abilities, Weirdness & Mutations

You can be seen from farther away. (+LOS)
You can swim through water.
You cover ground slowly.
You can hop short distances.


   Skills:
 - Level 2.1(1.8) Dodging
 - Level 1.7(1.3) Stealth
 + Level 4.7(4.3) Spellcasting
 - Level 4.0(3.5) Summonings
 + Level 9.5(9.0) Ice Magic


You had 5 spell levels left.
You knew the following spells:

 Your Spells              Type           Power        Failure   Level  Hunger
a - Ozocubu's Armour      Chrm/Ice       ###.....     7%          3    ###....
x - Summon Ice Beast      Ice/Summ       ####....     12%         4    ####...
y - Frozen Ramparts       Ice            ####..       1%          3    ###....
z - Freeze                Ice            ####         1%          1    None

Your spell library contained the following spells:

 Spells                   Type           Power        Failure   Level  Hunger
 Hailstorm                Conj/Ice       ###.....     24%         4    ####...

Inventory:

Hand Weapons
 a - a +0 hunting sling
 b - a +2 dagger of venom (weapon)
 d - a +0 club
 x - a +0 trident
Missiles
 f - 125 stones (quivered)
 k - 39 poisoned darts
Armour
 e - a +0 robe (worn)
 y - a +0 cloak (worn)
 A - a +0 pair of boots
 B - a +0 helmet
Magical Staves
 w - an uncursed staff of wizardry {!a}
Wands
 j - a wand of enslavement (11)
Scrolls
 g - a scroll of fog {unknown}
 h - 7 scrolls of remove curse {unknown}
 m - a scroll of fear {unknown}
 n - a scroll of immolation {unknown}
 o - a scroll of blinking {unknown}
 q - 3 scrolls of amnesia {unknown}
 r - 5 scrolls of identify {unknown}
 s - 2 scrolls of teleportation {unknown}
 u - a scroll of noise {unknown}
 C - a scroll of magic mapping {unknown}
Potions
 i - 3 potions of might {unknown}
 l - 2 potions of curing {unknown}
 p - 2 potions of magic {unknown}
 t - a potion of cancellation {unknown}
 v - 2 potions of flight {unknown}
 z - a potion of brilliance {unknown}
 E - 3 potions of lignification {unknown}
Comestibles
 c - 14 rations

Dungeon Overview and Level Annotations

Branches:
Dungeon (6/15)
 Temple: D:4-7

Altars:
Cheibriados
Dithmenos
Makhleb
Okawaru
Trog
Zin

Annotations:
D:6 Maggie

▒≈##≈≈▒▒.▒▒
▒≈##▒...▒▒..▒ .
▒..▒▒▒▒▒▒▒.......▒ ..
▒.....<...▒▒..▒▒...
▒............▒ ....
▒............▒▒..▒▒..
............▒▒..▒▒
............▒@...▒▒..
............F...(....
................!....
......▒▒.............
......▒......(.......
........(........▒
......▒..!.▒▒.....
.....▒▒▒...▒ ▒....
....> ▒.▒.▒ .... ....
..▒.. ▒▒.


You could see Maggie.


Message History

The black bear closely misses you.
Unknown command.
Aiming: Freeze (safe; 1% risk of failure)
Aim: a black bear (severely wounded)
You freeze the black bear.
The black bear is severely wounded.
The wall freezes Maggie.
Maggie hits you from afar with a +1 halberd of draining!
You feel drained.
The wall freezes the black bear!
You kill the black bear!
You have reached level 8!
You feel agile.
Your icy armour cracks and falls away as you move.
The wall freezes Maggie.
Maggie hits you with a +1 halberd of draining!
* * * LOW HITPOINT WARNING * * *
You feel drained.
* * * LOW HITPOINT WARNING * * *
Things that are here:
a stone a black bear corpse
Aiming: Freeze (safe; 1% risk of failure)
Aim: Maggie, wielding a +1 halberd of draining and wearing +2 steam dragon scales (moderately wounded)
You freeze Maggie.
Maggie is heavily wounded.
The wall freezes Maggie.
Maggie gestures at you while chanting. The bolt of fire hits you!!
You die...

Action                   |  1- 3 |  4- 6 |  7- 9 || total
-------------------------+-------+-------+-------++-------
Melee: Dagger            |       |    11 |       ||    11
 Fire: Hunting sling     |    69 |    55 |    82 ||   206
 Cast: Freeze            |    29 |    27 |    20 ||    76
       Frozen Ramparts   |       |     9 |     6 ||    15
       Ozocubu's Armour  |       |     1 |     3 ||     4
       Summon Ice Beast  |       |       |     2 ||     2
  Eat: Chunk             |     4 |     6 |     6 ||    16
Armor: Robe              |     7 |     7 |    21 ||    35
Dodge: Dodged            |    15 |    27 |    35 ||    77

Levels and vault maps discovered:
D:1:      roderic_octagonal_star, layout_basic, serial_co_window_serial,
          co_window_paths_a, co_window_paths_a, co_window_paths_a,
          co_window_paths_a, co_window_of_opportunity_a,
          co_window_unsneaky_path_c, co_window_unsneaky_path_d,
          co_window_2corner, co_window_2corner, glass_columns_a,
          glass_columns_a, glass_columns_c, chequers_serial_rivers_marsh
D:2:      layout_loops_cross, zin_treasury, lemuel_round_altar,
          eino_tiny_chamber
D:3:      layout_basic
D:4:      layout_basic, nicolae_dithmenos_through_a_glass_darkly,
          chequers_serial_rivers_micro_c
D:5:      layout_loops_corners, minitemple, first_ration
D:6:      layout_cave_pools, kennysheep_small_circle, uniq_pikel, uniq_maggie,
          uniq_duvessa

Notes
Turn   | Place    | Note
-------+----------+-------------------------------------------
     0 | D:1      | sanka the Barachi Ice Elementalist began the quest for the
                  | Orb.
     0 | D:1      | Reached XP level 1. HP: 13/13 MP: 3/3
   135 | D:1      | Reached skill level 5 in Ice Magic
   213 | D:1      | Reached XP level 2. HP: 19/19 MP: 2/5
   642 | D:1      | Reached XP level 3. HP: 24/24 MP: 7/7
   786 | D:1      | Reached skill level 3 in Spellcasting
  1129 | D:2      | Learned a level 3 spell: Frozen Ramparts
  1133 | D:2      | Learned a level 3 spell: Ozocubu's Armour
  1295 | D:2      | Found a burning altar of Makhleb.
  1782 | D:2      | Found a glowing silver altar of Zin.
  2007 | D:3      | Reached XP level 4. HP: 30/30 MP: 2/9
  2227 | D:3      | Reached skill level 6 in Ice Magic
  2601 | D:3      | Reached XP level 5. HP: 35/35 MP: 5/10
  2783 | D:3      | Reached skill level 4 in Spellcasting
  2909 | D:4      | Reached skill level 7 in Ice Magic
  3008 | D:4      | Reached XP level 6. HP: 29/41 MP: 7/12
  3014 | D:4      | Learned a level 4 spell: Summon Ice Beast
  3186 | D:4      | Found a shadowy altar of Dithmenos.
  3311 | D:4      | Reached skill level 1 in Summonings
  3321 | D:4      | Reached skill level 2 in Summonings
  3611 | D:4      | Reached skill level 8 in Ice Magic
  3655 | D:4      | Reached skill level 3 in Summonings
  3655 | D:4      | Reached XP level 7. HP: 18/46 MP: 1/13
  4163 | D:5      | Entered Level 5 of the Dungeon
  4531 | D:5      | Found a bloodstained altar of Trog.
  4631 | D:5      | Reached skill level 4 in Summonings
  4631 | D:5      | Reached skill level 9 in Ice Magic
  5170 | D:5      | Found a snail-covered altar of Cheibriados.
  5176 | D:5      | Found an iron altar of Okawaru.
  5468 | D:6      | Identified +2 steam dragon scales
  5468 | D:6      | Noticed Maggie
  5472 | D:6      | Reached XP level 8. HP: 29/52 MP: 6/15
  5474 | D:6      | Killed from afar by Maggie

Vanquished Creatures
  A phantom (D:5)
  A black bear (D:6)
  An ogre (D:4)
  2 scorpions
  3 orc priests
  A hound (D:4)
  5 orc wizards
  An iguana (D:4)
  A worker ant (D:6)
  A hound zombie (D:5)
  7 adders
  3 oozes
  An adder skeleton (D:4)
  A worm (D:3)
  3 dart slugs
  3 leopard geckos
  15 orcs
  6 bats
  7 giant cockroaches
  6 hobgoblins
  2 jackals (D:4)
  6 kobolds
  6 frilled lizards
  6 goblins
  A jackal skeleton (D:4)
  2 rats (D:1)
92 creatures vanquished.

Vanquished Creatures (collateral kills)
  A water moccasin zombie (D:6)
1 creature vanquished.

Grand Total: 93 creatures vanquished
